 Dungeon Crawl Stone Soup version 0.31-a0-590-g8a5a4361df (webtiles) character file.

Game seed: 15094768245397779406

193 thirtiethelement the Trooper (level 5, -4/41 HPs)
             Began as a Demonspawn Cinder Acolyte on Aug 20, 2023.
             Was a High Priest of Ignis.
             Killed from afar by an orc wizard (5 damage)
             ... with a magic dart
             ... on level 4 of the Dungeon.
             The game lasted 00:12:00 (3753 turns).

thirtiethelement the Trooper (DsCA)                 Turns: 3753, Time: 00:12:01

Health: -4/41      AC:  3    Str: 14    XL:     5   Next: 44%
Magic:  0/8        EV: 11    Int: 17    God:    Ignis [*****.]
Gold:   118        SH:  0    Dex:  9    Spells: 6/8 levels left

rFire   + + .        t - staff of fire
rCold   . . .        (no shield)
rNeg    . . .        b - +0 robe
rPois   .            (no helmet)
rElec   .            (no cloak)
rCorr   .            (no gloves)
SInv    .            r - +0 pair of boots
Will    .....        e - amulet of guardian spirit
Stlth   +            u - ring of wizardry
HPRegen 0.26/turn    (no ring)
MPRegen 0.11/turn

%: guardian spirit, wizardry (x1)
@: no status effects
A: demonic magic 1
a: Renounce Religion, Fiery Armour, Foxfire Swarm, Rising Flame


You were on level 4 of the Dungeon.
You worshipped Ignis.
Ignis was extremely pleased with you.
You visited 1 branch of the dungeon, and saw 4 of its levels.

You collected 118 gold pieces.

Inventory:

Hand Weapons
 a - a -1 falchion of flaming
 i - a +2 mace of protection
Missiles
 d - 2 boomerangs (quivered)
Armour
 b - a +0 robe (worn)
 r - a +0 pair of boots (worn)
Magical Staves
 t - a staff of fire (weapon)
Jewellery
 e - an amulet of guardian spirit (around neck)
 u - a ring of wizardry (left hand)
Scrolls
 g - a scroll of identify {unknown}
 h - a scroll of brand weapon {unknown}
 j - a scroll of immolation
 m - a scroll of fear {unknown}
 n - a scroll of noise {unknown}
 o - 2 scrolls of amnesia {unknown}
 p - 3 scrolls of enchant armour {unknown}
 s - a scroll of enchant weapon {unknown}
Potions
 l - a potion of curing {unknown}
 q - a potion of heal wounds {unknown}
 v - a potion of brilliance {unknown}


   Skills:
 + Level 3.5 Fighting
 + Level 3.2 Long Blades
 + Level 0.3 Staves
 + Level 1.9 Throwing
 + Level 0.7 Dodging
 + Level 0.9 Stealth
 + Level 2.2 Spellcasting
 + Level 3.4 Fire Magic


You had 6 spell levels left.
You knew the following spells:

 Your Spells              Type           Power      Damage    Failure   Level
a - Scorch                Fire           40%        2d6       2%          2

Your spell library contained the following spells:

 Spells                   Type           Power      Damage    Failure   Level
 Ozocubu's Armour         Ice            1%         N/A       22%         3
 Metabolic Englaciation   Hex/Ice        0%         N/A       88%         5
 Simulacrum               Ice/Necr       0%         N/A       100%        6


Dungeon Overview and Level Annotations

Branches:
Dungeon (4/15)
 Temple: D:4-7

Altars:
Fedhas
Trog


Innate Abilities, Weirdness & Mutations

Spells you cast may paralyse adjacent enemies.


Message History

You miss something. Something hits you.
You're too confused to cast spells.
Okay, then.
You bump into the rock wall.
Something hits you.
You closely miss something.
You hear some strange, mumbled words.
A magic dart appears from out of thin air!
The magic dart hits you.
You bump into the rock wall.
You feel less confused. Something hits you but does no damage.
You miss something. Something hits you.
You hear some strange, mumbled words.
A puff of flame appears from out of thin air!
The puff of flame hits you. You resist.
You barely miss something. Something hits you but does no damage.
You closely miss something. Something hits you.
You miss something. Your punch misses something.
You hear some strange, mumbled words.
A magic dart appears from out of thin air!
The magic dart hits you!
* * * LOW HITPOINT WARNING * * *
You miss something. Something hits you.
* * * LOW HITPOINT WARNING * * *
You barely miss something.
Something hits you but does no damage. x2
You closely miss something. Something hits you.
* * * LOW HITPOINT WARNING * * *
You barely miss something. Something hits you.
* * * LOW HITPOINT WARNING * * *
You miss something. Something hits you.
* * * LOW HITPOINT WARNING * * *
You hit something but do no damage.
You hear some strange, mumbled words.
A puff of flame appears from out of thin air!
The puff of flame misses you.
You miss something.
An orc wizard appears from thin air!
Reactivating autopickup.
The orc wizard points at you and mumbles some strange words.
The magic dart hits you!
You die...

... ... ... ..# #.## #.# ##
#.. ##..###.# .. ...~≈≈≈~
#.. ....##)##. #..~≈≈~ <
#.####†#.##.#. #.~~≈~♣.♣
#............. #.≈~~~P._
##.###...##)# #.~~≈≈PP. #.#
##..##.## #..~≈≈~.>
#.#####.##@o#######..~~≈≈~~
#...# #..........#....~≈≈≈~
###.# #..)).####.#.##..~~≈≈
#.# #.#.#)..##.........≈≈
#.# #.#.###)†###..####...
#.# #....##..# ##..## ##
#.####...##### ##..#
#......#.# ##.####
##.....#..# #....##


You could see an orc wizard.

Vanquished Creatures
  A howler monkey (D:4)
  3 gnolls (D:4)
  3 adders
  3 dart slugs
  6 orcs
  4 endoplasms
  4 giant cockroaches
  7 goblins
  5 hobgoblins
  11 jackals
  4 quokkas
  6 ball pythons
  4 bats
  5 frilled lizards
  7 kobolds
  12 rats
85 creatures vanquished.

Notes
Turn   | Place    | Note
-------+----------+-------------------------------------------
     0 | D:1      | thirtiethelement the Demonspawn Cinder Acolyte began the
                  | quest for the Orb.
     0 | D:1      | Reached XP level 1. HP: 18/18 MP: 2/2
   273 | D:1      | Gained mutation: Spells you cast may paralyse adjacent
                  | enemies. [demonic ancestry]
   273 | D:1      | Reached XP level 2. HP: 19/24 MP: 3/3
   407 | D:1      | Learned a level 2 spell: Scorch
  1036 | D:2      | Reached XP level 3. HP: 26/29 MP: 1/4
  1179 | D:2      | Found a faded altar of an unknown god.
  1485 | D:2      | Reached skill level 1 in Throwing
  1908 | D:2      | Reached XP level 4. HP: 35/35 MP: 1/6
  2408 | D:3      | Found a bloodstained altar of Trog.
  3478 | D:4      | Found a blossoming altar of Fedhas.
  3524 | D:4      | HP: 1/35 [gnoll/+0 whip (5)]
  3534 | D:4      | Reached XP level 5. HP: 36/41 MP: 2/8
  3751 | D:4      | HP: 1/41 [something (3)]
  3753 | D:4      | Killed from afar by an orc wizard

Illustrated notes

Levels and vault maps discovered:
D:1:      minmay_arrival_hallway, layout_loops_corners, serial_forest,
          infiniplex_forest_lined_2, infiniplex_forest_clump_tiny,
          infiniplex_forest_lined_3, infiniplex_forest_lined_3
D:2:      layout_basic, hellmonk_ecumenical_altar_blasted
D:3:      layout_basic, gammafunk_temple_overflow_elements, minmay_fountain_box,
          minmay_stone_trees_small
D:4:      layout_rooms, fedhas_ov_isle_minmay, minmay_misc_feat_diagonals,
          kennysheep_generic_room_12

Skill      XL: |  1  2  3  4 |
---------------+-------------+-----
Long Blades    | 3 |  3.2
Fire Magic     | 3 |  3.4
Throwing       | 1 |  1.9
Spellcasting   | 2 |  2.2
Fighting       | |  3.5
Staves         | |  0.3
Dodging        | |  0.7
Stealth        | |  0.9

Action                     |  1- 3 |  4- 6 || total
---------------------------+-------+-------++-------
  Melee: Falchion          |    73 |       ||    73
         Staff             |       |    66 ||    66
  Throw: Boomerang         |    81 |    42 ||   123
   Cast: Scorch            |    19 |    32 ||    51
    Use: Potion            |       |     3 ||     3
   Stab: Paralysed         |     2 |     5 ||     7
 Armour: Robe              |    19 |    29 ||    48
         Skin              |       |     5 ||     5
  Dodge: Dodged            |    45 |    57 ||   102

Table legend: (Time is in decaauts)
 A = Elapsed time spent in this place.
 B = Non-inter-level travel time spent in this place.
 C = Inter-level travel time spent in this place.
 D = Time resting spent in this place.
 E = Time spent auto-exploring this place.
 F = Levels seen in this place.
 G = Mean time per level.
                   A        B        C        D        E       F      G
               +--------+--------+--------+--------+--------+-----+--------+
         Total |   3808 |   3704 |    104 |    118 |   2977 |   4 |  952.0 |
       Dungeon |   3808 |   3704 |    104 |    118 |   2977 |   4 |  952.0 |
               +--------+--------+--------+--------+--------+-----+--------+

Top non-repeatable levels by time:
     D:3: 1269 daAuts
     D:2: 1090 daAuts
     D:1: 1042 daAuts
     D:4: 406 daAuts
